 Dungeon Crawl Stone Soup version 0.22-a0-605-g9281fa2 (webtiles) character file.

106 Amnesiac the Digger (level 4, -7/22 HPs)
             Began as a Spriggan Earth Elementalist on July 8, 2018.
             Was an Initiate of Ashenzari.
             Killed by nerve-wracking pain
             ... invoked by an orc priest
              (14 damage)
             ... on level 3 of the Dungeon.
             The game lasted 00:03:53 (2138 turns).

Amnesiac the Digger (Spriggan Earth Elementalist)   Turns: 2138, Time: 00:03:54

Health: -7/22      AC:  2    Str:  8    XL:     4   Next: 55%
Magic:  9/9        EV: 18    Int: 17    God:    Ashenzari [......]
Gold:   156        SH:  0    Dex: 16    Spells: 2/9 levels left

rFire    . . .     SeeInvis +   b - +0 dagger (venom)
rCold    . . .     Gourm    .   (shield restricted)
rNeg     . . .     Faith    .   c - +0 robe
rPois    .         Spirit   .   (helmet restricted)
rElec    .         Reflect  .   (no cloak)
rCorr    .         Harm     .   (gloves unavailable)
MR       .....                  (boots unavailable)
Stlth    ++........             (no amulet)
HPRegen  0.07/turn              t - +4 ring of strength
MPRegen  0.11/turn              (no ring)

@: very quick
A: very small, unfitting armour, see invisible, herbivore, speed 3, slow
metabolism 2
a: Curse Item, Renounce Religion


You were on level 3 of the Dungeon.
You worshipped Ashenzari.
Ashenzari was noncommittal.
You were not hungry.

You visited 1 branch of the dungeon, and saw 3 of its levels.

You collected 156 gold pieces.

Inventory:

Hand Weapons
 a - a +3 dagger
 b - a +0 dagger of venom (weapon)
Missiles
 q - 74 stones (quivered)
Armour
 c - a +0 robe (worn)
 r - a +0 buckler
Jewellery
 t - a +4 ring of strength (left hand)
 u - a +1 ring of protection
Scrolls
 e - 4 scrolls of remove curse {!r}
 f - a scroll of enchant weapon {!r, unknown}
 i - a scroll of teleportation {!r, unknown}
 j - a scroll of immolation {!r, unknown}
 k - 2 scrolls of identify {!r, unknown}
 n - a scroll of magic mapping {!r, unknown}
 p - 2 scrolls of fear {!r, unknown}
Potions
 g - a potion of curing {!q, unknown}
 h - a potion of mutation {!q, unknown}
 l - a potion of agility {!q, unknown}
 m - a potion of might {!q, unknown}
 o - a potion of heal wounds {!q, unknown}
 s - a potion of lignification {!q, unknown}
 v - a potion of degeneration {!q, unknown}
Comestibles
 d - 3 rations


   Skills:
 - Level 1.1 Fighting
 - Level 3.0 Dodging
 - Level 3.0 Stealth
 + Level 1.7 Shields
 - Level 3.0 Spellcasting
 - Level 3.1 Transmutations
 - Level 3.1 Earth Magic


You had 2 spell levels left.
You knew the following spells:

 Your Spells              Type           Power        Failure   Level  Hunger
a - Sandblast             Erth           ##....       4%          1    None
b - Passwall              Tmut/Erth      ##......     8%          2    ##.....
c - Stone Arrow           Conj/Erth      #.....       28%         3    ###....
z - Confusing Touch       Hex            #.....       17%         1    None

Your spell library contained the following spells:

 Spells                   Type           Power        Failure   Level  Hunger
 Apportation              Tloc           #.....       17%         1    None
 Summon Small Mammal      Summ           #...         17%         1    None
 Animate Skeleton         Necr           N/A          17%         1    None
 Lee's Rapid Deconstruct  Erth           ##........   80%         5    ######.
 Petrify                  Tmut/Erth      ##......     43%         4    ####...


Dungeon Overview and Level Annotations

Branches:
Dungeon (3/15)

Altars:
Ashenzari
The Shining One


Innate Abilities, Weirdness & Mutations

You are very small and have problems with some larger weapons.
You are too small for most types of armour.
You have supernaturally acute eyesight. (SInv)
You are a herbivore.
You cover ground extremely quickly.
You need to consume almost no food.


Message History

Key pressed, stopping explore.
An orc comes into view. It is wielding a club.
A hobgoblin comes into view. It is wielding a club.
The hobgoblin shouts!
You hit the orc but do no damage.
The orc is poisoned.
The orc hits you but does no damage.
You closely miss the orc. The hobgoblin misses you. The orc barely misses you.
You closely miss the orc. The hobgoblin closely misses you.
The orc closely misses you.
You hit the orc.
The orc looks even sicker.
The orc is moderately wounded.
The hobgoblin hits you with a club. The orc closely misses you.
You hit the orc.
You kill the orc!
The hobgoblin misses you.
You hit the hobgoblin.
The hobgoblin is poisoned.
The hobgoblin is heavily wounded.
The hobgoblin hits you with a club.
You hit the hobgoblin.
The hobgoblin is almost dead.
The hobgoblin hits you but does no damage.
You hit the hobgoblin but do no damage.
The hobgoblin looks as sick as possible!
The hobgoblin is almost dead.
You kill the hobgoblin!
No target in view!
Things that are here:
an uncursed club; an orc corpse You start resting.
HP restored.
You see here a tomahawk.
Things that are here:
an uncursed leather armour; 3 tomahawks You see here an uncursed club.
Things that are here:
a cursed leather armour; an uncursed flail of holy wrath Key pressed, stopping explore.
The orc priest is too close now for your liking.
An orc priest is nearby!
You barely miss the orc priest.
The orc priest shouts!
The orc priest closely misses you.
You barely miss the orc priest. The orc priest hits you with a mace.
You hit the orc priest.
The orc priest is poisoned.
The orc priest is lightly wounded.
The orc priest barely misses you.
You hit the orc priest but do no damage.
The orc priest looks as sick as possible!
The orc priest is lightly wounded.
The orc priest misses you.
You hit the orc priest but do no damage.
The orc priest is lightly wounded.
You barely miss the orc priest.
The orc priest is moderately wounded.
The orc priest invokes the aid of Beogh against you.
Beogh smites you!
Ouch! That really hurt!
* * * LOW HITPOINT WARNING * * *
You closely miss the orc priest.
The orc priest is severely wounded.
The orc priest mumbles some strange prayers to Beogh against you.
Pain shoots through your body!
Ouch! That really hurt!
You die...

.................#...#..######..#
......#######....#..##.####.....#
....### #....#..............#
....# #....#...#.####.##..# ....#
####.#..............# ....#
#.#.........####.# ###.#
#.#.........# #.. ..#.#
#o#.........# ### #.#.#
#@#..#..)...#
#.#.############.#..##.##########
#.#..#...........#..##...........
..#.##.###########..#############
#.#.......# #.......# #####.....
#.#..#.##.# #.###...####.........
#.#....##.# #.#............).....
#.#.###...###.###..#####...).....
#.#.# #...[)[(....(..........####


You could see an orc priest.

Vanquished Creatures
  A crimson imp (D:3)
  3 adders
  A dart slug (D:1)
  A leopard gecko (D:1)
  6 orcs (D:3)
  A bat (D:3)
  4 giant cockroaches
  5 goblins
  3 hobgoblins
  4 kobolds (D:1)
  3 frilled lizards
  3 rats
35 creatures vanquished.

Notes
Turn   | Place    | Note
-------+----------+-------------------------------------------
     0 | D:1      | Amnesiac the Spriggan Earth Elementalist began the quest for the Orb.
     0 | D:1      | Reached XP level 1. HP: 9/9 MP: 5/5
   164 | D:1      | Reached XP level 2. HP: 13/13 MP: 4/7
   195 | D:1      | Learned a level 2 spell: Passwall
   863 | D:2      | Reached XP level 3. HP: 16/16 MP: 3/8
   868 | D:2      | Learned a level 3 spell: Stone Arrow
  1113 | D:2      | Found a faded altar of an unknown god.
  1178 | D:2      | Found a glowing golden altar of the Shining One.
  1234 | D:3      | Reached skill level 1 in Fighting
  1547 | D:3      | Found a shattered altar of Ashenzari.
  1557 | D:3      | Became a worshipper of Ashenzari the Shackled
  1726 | D:3      | Learned a level 1 spell: Confusing Touch
  1870 | D:3      | Reached XP level 4. HP: 22/22 MP: 9/9
  1904 | D:3      | Reached skill level 1 in Shields
  2138 | D:3      | Killed from afar by an orc priest

Vault maps used:
D:1:      dpeg_arrival_chase
D:2:      tso_oasis_becter, chequers_ecumenical_altar_island,
          serial_corexii_hall, corexii_hall_statues_l, corexii_hall_statues_u,
          corexii_hall_statues_t, minmay_misc_feat_nine_boxes
D:3:      cheibrodos_ashenzari_chains

Skill      XL: |  1  2  3  4 |
---------------+-------------+-----
Earth Magic    | 3 |  3.1
Spellcasting   | 3 |  3.0
Transmutations | 3 |  3.1
Fighting       | 1 |  1.1
Shields        | 1 |  1.7
Dodging        | |  3.0
Stealth        | |  3.0

Action                   |  1- 3 |  4- 6 || total
-------------------------+-------+-------++-------
Melee: Unarmed           |     3 |       ||     3
       Dagger            |    28 |    29 ||    57
 Cast: Sandblast         |    32 |       ||    32
 Stab: Sleeping          |     3 |       ||     3
Armor: Robe              |     3 |       ||     3
Dodge: Dodged            |    29 |    22 ||    51

Table legend:
 A = Spawn XP
 B = Non-spawn XP
 C = Spawn XP percentage of total XP
 D = Spawn monster count
 E = Non-spawn monster count
 F = Spawn count percentage of total count
 G = Total turns spent on level
                    A         B        C        D         E        F      G
               +---------+---------+-------+---------+---------+-------+---------
         Total |       0 |     152 |   0.0 |       0 |      35 |   0.0 |  2138
               +---------+---------+-------+---------+---------+-------+---------
           D:1 |       0 |      23 |   0.0 |       0 |      11 |   0.0 |   630
           D:2 |       0 |      37 |   0.0 |       0 |       8 |   0.0 |   578
           D:3 |       0 |      92 |   0.0 |       0 |      16 |   0.0 |   930
               +---------+---------+-------+---------+---------+-------+---------
